 Dungeon Crawl Stone Soup version 0.28.0-45-g0d030f2227 (webtiles) character file.

Game seed: 10195290903863777033

3616 Cykl0x the Geomancer (level 10, -5/54 HPs)
             Began as a Gargoyle Earth Elementalist on Apr 13, 2022.
             Was a Follower of Vehumet.
             Slain by a two-headed ogre
             ... wielding a +0 giant spiked club
              (12 damage)
             ... on level 8 of the Dungeon.
             The game lasted 00:13:52 (10328 turns).

Cykl0x the Geomancer (Gargoyle Earth Elementalist) Turns: 10328, Time: 00:13:53

Health: -5/54      AC: 24    Str: 14    XL:     10   Next: 11%
Magic:  6/21       EV: 10    Int: 18    God:    Vehumet [*.....]
Gold:   500        SH:  3    Dex: 10    Spells: 20/24 levels left

rFire   . . .      SeeInvis +   B - staff of conjuration
rCold   . . .      Faith    .   t - +0 buckler
rNeg    + . .      Spirit   .   j - +2 ring mail of Iliesal {Fly Stlth+}
rPois   ∞          Reflect  .   a - +0 helmet
rElec   +          Harm     .   x - +1 cloak
rCorr   .          Rampage  .   D - +0 pair of gloves
Will    .....                   v - +0 pair of boots
Stlth   ++........              (no amulet)
HPRegen 0.18/turn               e - +4 ring of protection
MPRegen 0.17/turn               C - ring of see invisible

@: flying
A: sickness immunity, AC +7, negative energy resistance 1, electricity
resistance, torment resistance 1, petrification resistance
a: Renounce Religion


You were on level 8 of the Dungeon.
You worshipped Vehumet.
Vehumet was aware of your devotion.
You visited 2 branches of the dungeon, and saw 9 of its levels.

You collected 500 gold pieces.

Inventory:

Hand Weapons
 d - a +1 morningstar
 i - a +7 short sword of draining
Missiles
 c - 177 stones
 s - 2 throwing nets
Armour
 a - a +0 helmet (worn)
 b - a +0 robe
 h - a +0 ring mail
 j - the +2 ring mail of Iliesal (worn) {Fly Stlth+}
   (You found it on level 5 of the Dungeon)

   Fly:       It grants you flight.
   Stlth:     It makes you more stealthy.
 l - an orb of energy
 t - a +0 buckler (worn)
 v - a +0 pair of boots (worn)
 x - a +1 cloak (worn)
 D - a +0 pair of gloves (worn)
Magical Staves
 B - a staff of conjuration (weapon)
Jewellery
 e - a +4 ring of protection (left hand)
 y - a ring of protection from cold
 C - a ring of see invisible (right hand)
Wands
 g - a wand of acid (18)
 w - a wand of paralysis (8)
 z - a wand of iceblast (6)
Scrolls
 p - a scroll of teleportation
Potions
 f - 3 potions of curing
 k - 4 potions of attraction
 m - a potion of ambrosia
 n - a potion of flight
 o - a potion of mutation
 q - a potion of haste
 r - a potion of magic {unknown}
 u - a potion of degeneration {unknown}
 A - a potion of lignification {unknown}


   Skills:
 * Level 2.6 Fighting
 + Level 2.6 Maces & Flails
 + Level 3.4 Armour
 + Level 2.4 Dodging
 - Level 2.2 Stealth
 + Level 1.6 Shields
 + Level 7.7 Spellcasting
 * Level 6.6 Conjurations
 - Level 0.7 Transmutations
 + Level 9.6 Earth Magic
 * Level 1.6 Evocations


You had 20 spell levels left.
You knew the following spells:

 Your Spells              Type           Power      Damage    Failure   Level
a - Sandblast             Erth           82%        2d17      1%          1
b - Stone Arrow           Conj/Erth      100%       3d13      3%          3

Your spell library contained the following spells:

 Spells                   Type           Power      Damage    Failure   Level
 Freeze                   Ice            24%        1d5       26%         1
 Passwall                 Tmut/Erth      20%        N/A       4%          2
 Beastly Appendage        Tmut           18%        N/A       21%         1
 Petrify                  Tmut/Erth      25%        N/A       32%         4
 Corpse Rot               Necr/Air       12%        N/A       38%         2
 Poisonous Vapours        Pois/Air       12%        N/A       38%         2
 Spider Form              Tmut/Pois      8%         N/A       56%         3
 Tukima's Dance           Hex            6%         N/A       63%         3
 Irradiate                Conj/Tmut      15%        3d18      86%         5
 Dispel Undead            Necr           6%         3d8       95%         4
 Passage of Golubria      Tloc           6%         N/A       95%         4
 Yara's Violent Unravell  Hex/Tmut       4%         3d4       100%        5
 Death Channel            Necr           3%         N/A       100%        6


Dungeon Overview and Level Annotations

Branches:
Dungeon (8/15)             Temple (1/1) D:6
   Lair: D:8-11

Altars:
Ashenzari
Cheibriados
Dithmenos
Fedhas
Gozag
Hepliaklqana
Kikubaaqudgha
Makhleb
Nemelex Xobeh
Okawaru
Qazlal
Ru
Sif Muna
Trog
Uskayaw
Vehumet
Wu Jian
Xom
Yredelemnul
The Shining One


Innate Abilities, Weirdness & Mutations

You are immune to sickness and miasma.
Your stone body is resilient. (AC +7)
You are immune to poison.
You resist negative energy. (rN+)
You are resistant to electric shocks. (rElec)
You are resistant to unholy torment.
You are immune to petrification.


Message History

Casting: Stone Arrow (dangerous; 3% risk of failure)
Confirm with . or Enter, or press ? or * to list all spells.
Aiming: Stone Arrow (dangerous; 3% risk of failure)
Press: ? - help, Shift-Dir - straight line, f/p - centaur warrior
Aim: a centaur warrior, wielding a +0 longbow and quivering arrows (heavily wounded, 84% to hit)
You feel a surge of power!
The stone arrow hits the centaur warrior!!
The centaur warrior is almost dead.
A two-headed ogre comes into view.
It is wielding a +0 giant spiked club and a +0 giant club.
The centaur warrior shoots an arrow.
The arrow hits you but does no damage.
You are too injured to fight recklessly!
Casting: Stone Arrow (dangerous; 3% risk of failure)
Confirm with . or Enter, or press ? or * to list all spells.
Aiming: Sandblast (safe; 1% risk of failure)
Press: ? - help, Shift-Dir - straight line, f/p - centaur warrior
Aim: a centaur warrior, wielding a +0 longbow and quivering arrows (almost dead, 87% to hit)
The blast of sand hits the centaur warrior!
You kill the centaur warrior!
Vehumet accepts your kill.
Your Fighting skill increases to level 2!
Your Evocations skill increases to level 1!
You have reached level 10!
Casting: Sandblast (safe; 1% risk of failure)
Confirm with . or Enter, or press ? or * to list all spells.
Aiming: Sandblast (safe; 1% risk of failure)
Press: ? - help, Shift-Dir - straight line, f - two-headed ogre
Aim: a two-headed ogre, wielding a +0 giant spiked club and a +0 giant club (92% to hit)
The blast of sand hits the two-headed ogre!
The two-headed ogre is lightly wounded.
Unknown command.
Casting: Sandblast (safe; 1% risk of failure)
Confirm with . or Enter, or press ? or * to list all spells.
Aiming: Sandblast (safe; 1% risk of failure)
Press: ? - help, Shift-Dir - straight line, f/p - two-headed ogre
Aim: a two-headed ogre, wielding a +0 giant spiked club and a +0 giant club (lightly wounded, 92% to hit)
The blast of sand hits the two-headed ogre.
The two-headed ogre is lightly wounded.
The two-headed ogre barely misses you.
The two-headed ogre hits you with a +0 giant club!
You die...

.... ... . #..
.. #.. ... #)#
....
#######.##.....
........O..>#
#@# #.# #.# #.#
#.# #.# #.#
####### #.#
########... ..
#.# #........#
#.


You could see a two-headed ogre.

Vanquished Creatures
  A centaur warrior (D:8)
  A manticore (D:7)
  A wraith (D:7)
  A wyvern (D:8)
  2 water moccasins (D:6)
  2 sky beasts
  A necrophage (D:4)
  An ogre (D:4)
  A centaur (D:6)
  A kobold brigand (D:7)
  A bullfrog (D:8)
  A gnoll sergeant (D:6)
  3 scorpions
  6 killer bees (D:7)
  4 wights (D:6)
  An electric eel (D:6)
  A jelly (D:7)
  2 centaur zombies
  3 bullfrog skeletons
  An orc priest (D:4)
  3 hounds
  A centaur skeleton (D:5)
  A gnoll shaman (D:6)
  4 iguanas
  Terence (D:2)
  Jessica (D:3)
  An orc wizard (D:5)
  Ijyb (D:3)
  A howler monkey zombie (D:5)
  Robin (D:3)
  8 gnolls (D:6)
  A howler monkey skeleton (D:7)
  7 adders
  2 ufetubi (D:5)
  2 worms
  7 dart slugs
  12 orcs
  3 ball pythons (D:1)
  10 bats
  7 endoplasms
  7 giant cockroaches
  10 goblins
  5 hobgoblins
  4 jackals
  13 kobolds
  3 quokkas
  A frilled lizard (D:2)
  4 rats
156 creatures vanquished.

Notes
Turn   | Place    | Note
-------+----------+-------------------------------------------
     0 | D:1      | Cykl0x the Gargoyle Earth Elementalist began the quest for
                  | the Orb.
     0 | D:1      | Reached XP level 1. HP: 10/10 MP: 3/3
   356 | D:1      | Reached XP level 2. HP: 15/15 MP: 3/5
   517 | D:1      | Reached skill level 4 in Earth Magic
   806 | D:1      | Reached XP level 3. HP: 18/19 MP: 6/6
   810 | D:1      | Learned a level 3 spell: Stone Arrow
  1462 | D:2      | Found a faded altar of an unknown god.
  2191 | D:2      | Reached skill level 1 in Conjurations
  2568 | D:2      | Reached skill level 1 in Maces & Flails
  2568 | D:2      | Reached XP level 4. HP: 14/24 MP: 0/8
  2702 | D:2      | Noticed Terence
  2711 | D:2      | Killed Terence
  3182 | D:3      | Noticed Robin
  3208 | D:3      | HP: 1/24 [Robin/+7 short sword of draining (8)]
  3210 | D:3      | Killed Robin
  3730 | D:3      | Reached XP level 5. HP: 28/28 MP: 2/9
  3811 | D:3      | Noticed Jessica
  3816 | D:3      | Killed Jessica
  4112 | D:3      | You fall into a shaft and drop 2 floors!
  4112 | D:5      | Entered Level 5 of the Dungeon
  4118 | D:5      | Reached skill level 5 in Earth Magic
  4373 | D:4      | Noticed an ogre
  4558 | D:5      | Reached XP level 6. HP: 33/33 MP: 3/11
  5417 | D:4      | Reached XP level 7. HP: 37/37 MP: 7/13
  5489 | D:4      | Reached skill level 6 in Earth Magic
  6004 | D:3      | Noticed Ijyb
  6008 | D:3      | Killed Ijyb
  6788 | D:5      | Identified the +2 ring mail of Iliesal {Fly Stlth+}
  7110 | D:5      | Reached skill level 5 in Spellcasting
  7110 | D:5      | Reached XP level 8. HP: 42/42 MP: 5/15
  7621 | D:6      | Reached skill level 1 in Fighting
  7621 | D:6      | Reached skill level 7 in Earth Magic
  7770 | D:6      | Found a burning altar of Makhleb.
  7783 | D:6      | Found a staircase to the Ecumenical Temple.
  7822 | Temple   | Entered the Ecumenical Temple
  8016 | Temple   | Became a worshipper of Vehumet
  8169 | D:6      | Reached skill level 5 in Conjurations
  8188 | D:6      | Got Sif Muna's Handbook of Envenoming and Transmigration
  8389 | D:6      | Reached skill level 1 in Armour
  8527 | D:6      | Reached skill level 8 in Earth Magic
  8658 | D:6      | Reached XP level 9. HP: 47/47 MP: 14/18
  9220 | D:7      | Noticed a manticore
  9228 | D:7      | Killed a manticore
  9303 | D:7      | Reached skill level 1 in Shields
  9553 | D:7      | Reached * piety under Vehumet
  9553 | D:7      | Offered knowledge of Freeze by Vehumet.
  9828 | D:7      | Reached skill level 9 in Earth Magic
 10211 | D:8      | Identified a scroll of acquirement
 10211 | D:8      | Acquired a staff of conjuration
 10319 | D:8      | Noticed a centaur warrior
 10325 | D:8      | Noticed a two-headed ogre
 10326 | D:8      | Killed a centaur warrior
 10327 | D:8      | Reached skill level 1 in Evocations
 10327 | D:8      | Reached XP level 10. HP: 7/54 MP: 8/21
 10328 | D:8      | Slain by a two-headed ogre

Illustrated notes

Levels and vault maps discovered:
D:1:      minmay_arrival_up_and_down, layout_loops_ring
D:2:      minmay_chambers_of_twos, layout_loops_corners,
          nicolae_ecumenical_pavilion, uniq_terence
D:3:      layout_basic, kennysheep_generic_room_7, uniq_robin, uniq_jessica,
          uniq_ijyb
D:4:      layout_gridville
D:5:      layout_cave_pods
D:6:      layout_basic, mainiacjoe_overflow_alcove_4,
          minmay_temple_entry_butterflies, minivault_5, serial_bayou_ford_a
D:7:      layout_loops_cross
D:8:      layout_basic, enter_ossuary_1, minmay_misc_feat_plants,
          grunt_decor_one_mirror
Temple:   mainiacjoe_temple_circle_huts

Skill      XL: |  1  2  3  4  5  6  7  8  9 |
---------------+----------------------------+-----
Earth Magic    | 4 5 6 8 9 |  9.6
Conjurations   | 1 2 3 4 5 6 |  6.6
Maces & Flails | 1 2 |  2.6
Spellcasting   | 3 4 5 6 7 |  7.7
Dodging        | 2 |  2.4
Fighting       | 1 2 |  2.6
Armour         | 1 3 |  3.4
Shields        | 1 |  1.6
Evocations     | 1 |  1.6
Stealth        | |  2.2
Transmutations | |  0.7

Action                   |  1- 3 |  4- 6 |  7- 9 | 10-12 || total
-------------------------+-------+-------+-------+-------++-------
Melee: Morningstar       |    24 |    14 |    52 |       ||    90
       Staff             |       |       |     1 |       ||     1
 Cast: Sandblast         |    30 |    44 |    85 |     2 ||   161
       Stone Arrow       |    12 |    20 |    53 |       ||    85
  Use: Scroll            |     1 |     6 |     9 |       ||    16
Armor: Robe              |    14 |    16 |     1 |       ||    31
       Ring mail         |       |       |    62 |       ||    62
Dodge: Dodged            |    18 |    15 |    52 |     1 ||    86
Block: Buckler           |       |       |    16 |       ||    16
